 Dungeon Crawl Stone Soup version 0.21.1-1-g345015f (webtiles) character file.

2819 zishaf the Destroyer (level 9, 0/67 HPs)
             Began as a Demigod Conjurer on May 14, 2018.
             Slain by a slave (1 damage)
             ... led by Pikel
             ... on level 9 of the Dungeon.
             The game lasted 00:36:37 (10171 turns).

zishaf the Destroyer (Demigod Conjurer)            Turns: 10171, Time: 00:36:37

Health: 0/67       AC:  3    Str: 15    XL:     9   Next: 21%
Magic:  2/18       EV: 14    Int: 25    God:
Gold:   254        SH:  3    Dex: 16    Spells: 6/16 levels left

rFire    + . .     SeeInvis .   v - +5 quarterstaff "Wuuroor" {crush, rF+ Str+4}
rCold    . . .     Gourm    .   (shield currently unavailable)
rNeg     . . .     Faith    .   h - +0 robe (curse)
rPois    .         Spirit   .   p - +0 helmet
rElec    .         Reflect  +   (no cloak)
rCorr    .         Harm     .   (no gloves)
MR       +....                  (no boots)
Stlth    ++........             y - +3 amulet of reflection
HPRegen  0.21/turn              a - ring of wizardry
MPRegen  0.16/turn              F - ring of protection from magic

@: hasted, very quick
A: high mp 1
a: no special abilities


You were on level 9 of the Dungeon.
You were not hungry.

You visited 1 branch of the dungeon, and saw 9 of its levels.
You also visited: Ossuary.

You collected 624 gold pieces.
You spent 370 gold pieces at shops.

Inventory:

Hand Weapons
 o - a +1 whip of pain
 v - the +5 quarterstaff "Wuuroor" (weapon) {crush, rF+ Str+4}
   (You bought it in a shop on level 5 of the Dungeon)

   It inflicts extra damage upon your enemies.
   It affects your strength (+4).
   It protects you from fire.
 w - the +6 arbalest of Battle {venom, rPois MR+ Str+3 Int-5 Dex+5}
   (You bought it in a shop on level 5 of the Dungeon)

   It poisons the ammo it fires.
   It affects your strength (+3).
   It affects your intelligence (-5).
   It affects your dexterity (+5).
   It protects you from poison.
   It affects your resistance to hostile enchantments.
Missiles
 C - 6 javelins (quivered)
Armour
 h - a cursed +0 robe (worn)
 p - a +0 helmet (worn)
Jewellery
 a - a ring of wizardry (left hand)
 k - an uncursed amulet of the gourmand
 r - a +1 ring of evasion
 y - a +3 amulet of reflection (around neck)
 F - a ring of protection from magic (right hand)
Wands
 n - a wand of random effects (33)
 A - a wand of paralysis (15)
 E - a wand of polymorph (15)
Scrolls
 d - a scroll of amnesia {unknown}
 e - a scroll of noise {unknown}
 f - 3 scrolls of remove curse {unknown}
 i - 3 scrolls of identify
 l - 3 scrolls of teleportation
 q - a scroll of random uselessness {unknown}
Potions
 g - 2 potions of curing
 m - 2 potions of flight {unknown}
 s - 2 potions of berserk rage {unknown}
 t - a potion of agility
 u - a potion of ambrosia {unknown}
 x - 2 potions of cancellation
 B - a potion of might
Books
 b - a book of Conjurations

   Spells                             Type                      Level
   a - Magic Dart                     Conjuration                  1
   b - Searing Ray                    Conjuration                  2
   c - Dazzling Spray                 Conjuration/Hexes            3
   d - Fulminant Prism                Conjuration/Hexes            4
   e - Force Lance                    Conjuration/Translocation    4
   f - Iskenderun's Mystic Blast      Conjuration                  4
Comestibles
 c - 15 rations


   Skills:
 - Level 2.0 Fighting
 - Level 4.0 Dodging
 - Level 2.0 Stealth
 - Level 4.0 Spellcasting
 - Level 9.0 Conjurations
 + Level 4.1 Hexes
 - Level 4.2 Evocations


You had 6 spell levels left.
You knew the following spells:

 Your Spells              Type           Power        Failure   Level  Hunger
a - Magic Dart            Conj           ####         1%          1    None
b - Searing Ray           Conj           ######       1%          2    None
c - Iskenderun's Mystic   Conj           ######..     1%          4    ####...
d - Dazzling Spray        Conj/Hex       #####.       1%          3    ##.....


Dungeon Overview and Level Annotations

Branches:
Dungeon (9/15)             Temple (0/1) D:7            Lair (0/6) D:8
    Orc: D:9-12

Shops:
D:4 =   D:5 (

Annotations:
D:8 Grum


Innate Abilities, Weirdness & Mutations

You have an increased reservoir of magic. (+10% MP)


Message History

You hear a shout!
You hear a bark!
You hear a shout!
You feel better. The howler monkey barely misses you.
The orc hits you with a hand axe.
* * * LOW HITPOINT WARNING * * *
You feel yourself speed up. The howler monkey misses you.
The orc hits you with a hand axe.
* * * LOW HITPOINT WARNING * * *
A slave comes into view.
You closely miss the howler monkey.
The howler monkey is heavily wounded.
The howler monkey closely misses you.
You sock the howler monkey!
You kill the howler monkey!
The orc misses you.
You hit the orc.
You kill the orc!
The slave hits you.
* * * LOW HITPOINT WARNING * * *
The slave hits you.
You die...

..# ..#
..# ..# #
..#
#.#####..#
#........#
#.....@..#
#.....p..#
#.######.#
.# #


You could see a slave.

Vanquished Creatures
  Prince Ribbit (D:7)
  Menkaure (D:7)
  A hungry ghost (D:7)
  2 orc warriors
  A black bear (D:7)
  A phantom (D:3)
  4 ogres
  A wolf (D:8)
  A wyvern zombie (D:7)
  3 bullfrogs
  3 wights (D:6)
  3 howler monkeys
  2 crimson imps
  2 gnoll shamans
  A human zombie (Ossuary)
  3 orc priests
  A hound (D:5)
  2 jellies
  4 iguanas
  4 worker ants
  A killer bee zombie (D:6)
  6 big kobold zombies (Ossuary)
  A hound zombie (D:6)
  3 mummies
  9 gnolls
  8 adders
  2 shadow imps (D:7)
  An ooze (D:4)
  4 adder skeletons
  An adder zombie (D:7)
  2 dart slugs (D:1)
  4 leopard geckos
  23 orcs
  6 bats
  5 giant cockroaches
  3 gnoll zombies (Ossuary)
  5 hobgoblins
  11 jackals
  7 kobolds
  6 quokkas
  3 frilled lizards
  7 goblins
  3 hobgoblin zombies (Ossuary)
  A kobold zombie (D:5)
  A leopard gecko skeleton (D:4)
  2 orc zombies
  A quokka zombie (D:2)
  A rat (D:3)
168 creatures vanquished.

Vanquished Creatures (others)
  A centaur (D:7)
1 creature vanquished.

Grand Total: 169 creatures vanquished

Notes
Turn   | Place    | Note
-------+----------+-------------------------------------------
     0 | D:1      | zishaf the Demigod Conjurer began the quest for the Orb.
     0 | D:1      | Reached XP level 1. HP: 14/14 MP: 5/5
   362 | D:1      | Reached XP level 2. HP: 20/20 MP: 4/7
   561 | D:1      | Reached skill level 4 in Conjurations
  1164 | D:2      | Reached XP level 3. HP: 26/26 MP: 2/8
  1553 | D:3      | Noticed a phantom
  1612 | D:3      | Killed a phantom
  1612 | D:3      | Reached skill level 5 in Conjurations
  1612 | D:3      | Reached XP level 4. HP: 33/33 MP: 1/9
  1825 | D:3      | Learned a level 2 spell: Searing Ray
  1830 | D:3      | Learned a level 4 spell: Iskenderun's Mystic Blast
  2183 | D:3      | Found a bloodstained altar of Trog.
  2224 | D:3      | Reached XP level 5. HP: 38/38 MP: 3/10
  2605 | D:4      | Reached skill level 6 in Conjurations
  2732 | D:4      | Found Iritut's Jewellery Shoppe.
  3218 | D:4      | Reached XP level 6. HP: 32/45 MP: 6/11
  3791 | D:4      | Found a shimmering altar of Xom.
  3791 | D:4      | Found a burning altar of Makhleb.
  4076 | D:5      | Entered Level 5 of the Dungeon
  4198 | D:5      | Reached skill level 7 in Conjurations
  4466 | D:5      | Found a sand-covered staircase.
  4527 | Ossuary  | Entered an ossuary
  4930 | Ossuary  | Reached XP level 7. HP: 48/50 MP: 5/13
  5012 | Ossuary  | Reached skill level 8 in Conjurations
  5521 | D:5      | Reached skill level 1 in Fighting
  5645 | D:5      | Found Daodanet's Antique Weapon Emporium.
  5649 | D:5      | Bought a pitted quarterstaff for 180 gold pieces
  5649 | D:5      | Bought a fine arbalest for 190 gold pieces
  5649 | D:5      | Identified the +5 quarterstaff "Wuuroor" {crush, rF+ Str+4} (You bought it in a shop on level 5 of the Dungeon)
  5650 | D:5      | Identified the +6 arbalest of Battle {venom, rPois MR+ Str+3 Int-5 Dex+5} (You bought it in a shop on level 5 of the Dungeon)
  6849 | D:6      | Reached XP level 8. HP: 36/61 MP: 8/16
  7317 | D:6      | Learned a level 3 spell: Dazzling Spray
  7491 | D:6      | Reached skill level 1 in Evocations
  7775 | D:6      | Found a sacrificial altar of Ru.
  9268 | D:7      | Reached skill level 9 in Conjurations
  9344 | D:7      | Noticed Prince Ribbit
  9350 | D:7      | Killed Prince Ribbit
  9350 | D:7      | Reached skill level 1 in Hexes
  9350 | D:7      | Reached XP level 9. HP: 27/67 MP: 13/18
  9598 | D:7      | Noticed Menkaure
  9602 | D:7      | Killed Menkaure
  9689 | D:7      | Found a staircase to the Ecumenical Temple.
 10130 | D:8      | Noticed Grum
 10145 | D:8      | HP: 3/67 [wolf[Grum] (3)]
 10149 | D:8      | Found a staircase to the Lair.
 10150 | D:8      | Noticed an elephant
 10170 | D:9      | HP: 1/67 [slave[Pikel] (6)]
 10171 | D:9      | Slain by a slave

Skill      XL: |  1  2  3  4  5  6  7  8  9 |
---------------+----------------------------+-----
Dodging        | 2 3 4 |  4.0
Stealth        | 2 |  2.0
Spellcasting   | 2 3 4 |  4.0
Conjurations   | 4 5 6 7 8 9 |  9.0
Fighting       | 2 |  2.0
Evocations     | 4 |  4.2
Hexes          | 1 4 |  4.1

Action                   |  1- 3 |  4- 6 |  7- 9 || total
-------------------------+-------+-------+-------++-------
Melee: Unarmed           |     9 |       |       ||     9
       Whip              |     3 |    26 |       ||    29
       Quarterstaff      |       |       |    41 ||    41
 Cast: Magic Dart        |    86 |   126 |   200 ||   412
       Searing Ray       |       |     5 |    15 ||    20
       Iskenderun's Myst |       |     2 |    14 ||    16
       Dazzling Spray    |       |       |    11 ||    11
  Use: Potion            |     7 |       |     4 ||    11
       Scroll            |       |       |     3 ||     3
 Stab: Invisible         |       |       |     1 ||     1
       Sleeping          |       |       |     1 ||     1
  Eat: Chunk             |    19 |    11 |     9 ||    39
       Ration            |       |       |     1 ||     1
Armor: Robe              |    12 |     8 |    14 ||    34
       Skin              |     1 |       |       ||     1
Dodge: Dodged            |    38 |    33 |   114 ||   185
Block: Other             |       |       |    25 ||    25
       Reflection        |       |       |     1 ||     1
